 Dungeon Crawl Stone Soup version 0.25-a0-425-g0e000e855e (webtiles) character file.

Game seed: 6176204386530441971, levelgen mode: deterministic

28 Nattfarinn the Vexing (level 3, -3/19 HPs)
             Began as a Vampire Enchanter on Jan 24, 2020.
             Slain by Terence
             ... wielding a +0 falchion
              (5 damage)
             ... on level 2 of the Dungeon.
             The game lasted 00:02:27 (857 turns).

Nattfarinn the Vexing (Vampire Enchanter)            Turns: 857, Time: 00:02:28

Health: -3/19      AC:  2    Str:  7    XL:     3   Next: 0%
Magic:  0/6        EV: 13    Int: 18    God:
Gold:   63         SH:  0    Dex: 14    Spells: 3/6 levels left

rFire    . . .     SeeInvis +   a - +1 dagger
rCold    + + .     Gourm    .   (no shield)
rNeg     + + +     Faith    .   b - +0 robe
rPois    ∞         Spirit   .   (no helmet)
rElec    .         Reflect  .   (no cloak)
rCorr    .         Harm     .   (no gloves)
MR       .....                  (no boots)
Stlth    +++++.....             (no amulet)
HPRegen  0.00/turn              (no ring)
MPRegen  0.10/turn              (no ring)

@: bloodless
A: no food, fangs 3, see invisible, unbreathing
a: Bat Form, Revivify


You were on level 2 of the Dungeon.
You were bloodless.

You visited 1 branch of the dungeon, and saw 2 of its levels.

You collected 63 gold pieces.

Inventory:

Hand Weapons
 a - a +1 dagger (weapon)
Armour
 b - a +0 robe (worn)
Scrolls
 c - 2 scrolls of identify {unknown}
 g - a scroll of enchant weapon {unknown}
Potions
 d - a potion of haste {unknown}
 e - a potion of curing {unknown}
 f - a potion of heal wounds {unknown}
 h - a potion of degeneration {unknown}
 i - a potion of resistance {unknown}


   Skills:
 + Level 1.5 Short Blades
 + Level 2.5 Dodging
 + Level 4.8 Stealth
 + Level 2.2 Spellcasting
 * Level 5.1 Hexes


You had 3 spell levels left.
You knew the following spells:

 Your Spells              Type           Power        Failure   Level  Hunger
a - Corona                Hex            ###....      2%          1    N/A
b - Ensorcelled Hibernat  Hex/Ice        ##....       10%         2    N/A

Your spell library contained the following spells:

 Spells                   Type           Power        Failure   Level  Hunger
 Confusing Touch          Hex            ###.....     6%          3    N/A
 Tukima's Dance           Hex            ###.....     6%          3    N/A
 Dazzling Flash           Conj/Hex       ##....       19%         3    N/A

Dungeon Overview and Level Annotations

Branches:
Dungeon (2/15)

Altars:

Annotations:
D:2 Terence


Innate Abilities, Weirdness & Mutations

You do not eat.
You do not regenerate when monsters are visible.
You are frail without blood (-20% HP).
You can heal yourself when you bite living creatures.
You are immune to poison.
You have razor-sharp teeth.
You have supernaturally acute eyesight. (SInv)
You can survive without breathing.


Message History

Terence hits you with a +0 falchion.
* * * LOW HITPOINT WARNING * * *
Casting: Ensorcelled Hibernation (safe; 10% risk of failure)
Confirm with . or Enter, or press ? or * to list all spells.
Aiming: Ensorcelled Hibernation (safe; 10% risk of failure)
Press: ? - help, Shift-Dir - straight line, f/p - Terence
Aim: Terence, wielding a +0 falchion and wearing a +0 scale mail (almost dead, chance to defeat MR: 50%) Terence resists with some effort.
Terence hits you but does no damage.
You closely miss Terence.
Terence is almost dead.
Terence hits you but does no damage.
You barely miss Terence.
Terence is almost dead.
You hit Terence but do no damage.
Terence is almost dead.
Terence misses you.
You closely miss Terence. You bite Terence, but do no damage.
Terence is almost dead.
Terence hits you with a +0 falchion.
You die...

#......###.# #.# #.######
#.# #.# #.# #.# #.# #.###
#.# #.# #...# #.# ##.#
###.# #.######..# #.##
#.....##.## ###..#
#####.##.####..
#....######@@............
#...........###...#..####
#....##########..##.##
#....# #.......## ####.#
#>......... #.#
#........## ..#
#........# ..# #.......##
#. #.......#


You could see Terence.

Vanquished Creatures
  An adder (D:2)
  A dart slug (D:1)
  2 leopard geckos
  A ball python (D:1)
  2 bats (D:1)
  2 goblins (D:1)
  A hobgoblin (D:1)
  4 kobolds (D:1)
  2 rats (D:1)
16 creatures vanquished.

Notes
Turn   | Place    | Note
-------+----------+-------------------------------------------
     0 | D:1      | Nattfarinn the Vampire Enchanter began the quest for the
                  | Orb.
     0 | D:1      | Reached XP level 1. HP: 13/13 MP: 3/3
   124 | D:1      | Reached XP level 2. HP: 15/15 MP: 5/5
   128 | D:1      | Learned a level 2 spell: Ensorcelled Hibernation
   783 | D:2      | Reached skill level 5 in Hexes
   814 | D:2      | Noticed Terence
   828 | D:2      | Reached XP level 3. HP: 5/19 MP: 1/6
   857 | D:2      | Slain by Terence

Levels and vault maps discovered:
D:1:      dpeg_arrival_orchard, layout_loops_ring, minmay_octomino_e4
D:2:      layout_rooms, old_standard_altar, first_ration,
          makhleb_altar_promises_db, uniq_terence

Skill      XL: |  1  2 |
---------------+-------+-----
Hexes          | 5 |  5.1
Short Blades   | |  1.5
Dodging        | |  2.5
Stealth        | |  4.8
Spellcasting   | |  2.2

Action                   || total
-------------------------++-------
Melee: Dagger            ||    53
       Bite              ||     5
 Cast: Ensorcelled Hiber ||     6
 Abil: Exsanguinate      ||     1
 Stab: Sleeping          ||    10
Armor: Robe              ||    18
Dodge: Dodged            ||    36

Table legend:
 A = Non-vault XP
 B = Vault XP
 C = Vault XP percentage of total XP
 D = Non-vault monster count
 E = Vault monster count
 F = Vault count percentage of total count
                 A         B        C        D         E       F
            +---------+---------+-------+---------+---------+-------
      Total |      35 |       6 |  14.6 |      13 |       3 |  18.8
            +---------+---------+-------+---------+---------+-------
        D:1 |      19 |       6 |  24.0 |      11 |       3 |  21.4
        D:2 |      16 |       0 |   0.0 |       2 |       0 |   0.0
            +---------+---------+-------+---------+---------+-------
